 Dungeon Crawl Stone Soup version 0.29.1-14-g9c671dbff4 (webtiles) character file.

Game seed: 7903819713089339692

2 leafyfresh the Covert (level 1, 0/23 HPs)
             Began as a Gnoll Delver on Feb 13, 2023.
             Slain by an orc
             ... wielding a +0 trident
              (5 damage)
             ... on level 5 of the Dungeon.
             The game lasted 00:00:15 (67 turns).

leafyfresh the Covert (Gnoll Delver)                  Turns: 67, Time: 00:00:15

Health: 0/23       AC:  3    Str: 11    XL:     1   Next: 30%
Magic:  1/1        EV: 13    Int:  9    God:
Gold:   0          SH:  0    Dex: 13    Spells: 0/0 levels left

rFire   . . .      SeeInvis .   a - +0 spear
rCold   . . .      Faith    .   (no shield)
rNeg    . . .      Spirit   .   b - +0 leather armour
rPois   .          Reflect  .   (no helmet)
rElec   .          Harm     .   (no cloak)
rCorr   .          Rampage  .   (no gloves)
Will    .....                   (no boots)
Stlth   ++++......              (no amulet)
HPRegen 0.07/turn               (no ring)
MPRegen 0.07/turn               (no ring)

@: no status effects
A: fangs 1, strong nose, distributed training
a: no special abilities


You were on level 5 of the Dungeon.
You visited 1 branch of the dungeon, and saw 1 of its levels.

Inventory:

Hand Weapons
 a - a +0 spear (weapon)
Armour
 b - a +0 leather armour (worn)
Wands
 g - a wand of digging (3)
Scrolls
 c - a scroll of fog
 d - a scroll of magic mapping
 e - a scroll of fear
Potions
 f - a potion of haste


   Skills:
 + Level 6.4 Fighting
 + Level 0.0 Short Blades
 + Level 0.0 Long Blades
 + Level 0.0 Axes
 + Level 0.0 Maces & Flails
 + Level 4.4 Polearms
 + Level 0.0 Staves
 + Level 0.0 Ranged Weapons
 + Level 0.0 Throwing
 + Level 0.0 Armour
 + Level 4.4 Dodging
 + Level 9.5 Stealth
 + Level 0.0 Shields
 + Level 0.0 Unarmed Combat
 + Level 0.0 Spellcasting
 + Level 0.0 Conjurations
 + Level 0.0 Hexes
 + Level 0.0 Summonings
 + Level 0.0 Necromancy
 + Level 0.0 Translocations
 + Level 0.0 Transmutations
 + Level 0.0 Fire Magic
 + Level 0.0 Ice Magic
 + Level 0.0 Air Magic
 + Level 0.0 Earth Magic
 + Level 0.0 Poison Magic
 + Level 0.1 Invocations
 + Level 0.0 Evocations


You couldn't memorise any spells.
You didn't know any spells.
Your spell library was empty.

Dungeon Overview and Level Annotations

Branches:
Dungeon (5/15)
 Temple: D:4-7

Altars:

Annotations:
D:5 Pikel


Innate Abilities, Weirdness & Mutations

You have very sharp teeth.
Your uncanny sense of smell can sniff out nearby items.
Your experience applies equally to all skills.


Message History

The helpless orc fails to defend itself.
You hit the orc but do no damage. Your bite misses the orc.
You hit the orc but do no damage. Your bite misses the orc.
The orc barely misses you.
You closely miss the orc.
The orc shouts!
The orc closely misses you.
You barely miss the orc. The lemure hits you. The orc misses you.
You barely miss the orc.
The orc shouts!
The orc barely misses you. The lemure misses you.
You hit the orc but do no damage. Your punch misses the orc.
The orc closely misses you. The lemure misses you.
You hit the orc.
The orc is moderately wounded.
The lemure hits you but does no damage. The orc closely misses you.
You hit the orc.
The orc is almost dead.
The lemure completely misses you.
You hit the orc.
The orc is moderately wounded.
You hit the orc.
The orc is heavily wounded.
The orc hits you from afar with a +0 trident!
The lemure closely misses you.
You hit the orc.
You kill the orc!
The orc closely misses you. The lemure hits you.
The orc hits you with a +0 trident.
Things that are here:
a +0 club; an orc corpse You hit the orc but do no damage.
The orc is almost dead.
The lemure hits you.
* * * LOW HITPOINT WARNING * * *
The orc barely misses you.
You hit the orc but do no damage.
The orc is almost dead.
The lemure closely misses you. The orc hits you with a +0 trident.
You die...

#########
#.....5.#
#.#####@#
#.#####o#
#5.....o. ∆
#.#####.##
#.#####.###
#.........#
##.##.####.#
..#...#
###.#.5# #


You could see a lemure and 2 orcs.

Vanquished Creatures
  An orc (D:5)
1 creature vanquished.

Notes
Turn   | Place    | Note
-------+----------+-------------------------------------------
     0 | D:5      | Reached skill level 9 in Stealth
     0 | D:5      | leafyfresh the Gnoll Delver began the quest for the Orb.
     0 | D:5      | Reached XP level 1. HP: 23/23 MP: 1/1
    24 | D:5      | Noticed a lemure
    27 | D:5      | Noticed Pikel
    27 | D:5      | Noticed a lemure
    27 | D:5      | Noticed a lemure
    27 | D:5      | Noticed a lemure
    67 | D:5      | Slain by an orc

Illustrated notes

Levels and vault maps discovered:
D:5:      layout_loops_ring, eino_small_chamber_without_monster,
          serial_bayou_pond_e, nicolae_eternal_life, feat_on_display,
          uniq_menkaure, uniq_pikel

Skill      XL: | |
---------------+-+-----
Stealth        | |  9.5
Fighting       | |  6.4
Polearms       | |  4.4
Dodging        | |  4.4
Invocations    | |  0.1

Action                   || total
-------------------------++-------
Melee: Spear             ||    13
 Stab: Sleeping          ||     1
Armor: Leather armour    ||     1
Dodge: Dodged            ||    13
